 Dungeon Crawl Stone Soup version 0.28-a0-577-gb193047a1f (webtiles) character file.

Game seed: 18147607417811070906

72 demibob the Poker (level 4, 33/33 HPs)
             Began as a Merfolk Gladiator on Oct 2, 2021.
             Was a Plaything of Xom.
             Quit the game on level 3 of the Dungeon.
             The game lasted 00:02:51 (2065 turns).

demibob the Poker (Merfolk Gladiator)               Turns: 2065, Time: 00:02:51

Health: 33/33      AC:  4    Str: 14    XL:     4   Next: 25%
Magic:  4/4        EV: 14    Int:  7    God:    Xom [..*...]
Gold:   161        SH:  0    Dex: 16    Spells: 3/3 levels left

rFire   . . .      SeeInvis .   a - +0 trident
rCold   + . .      Faith    .   (no shield)
rNeg    . . .      Spirit   +   b - +0 leather armour
rPois   .          Reflect  .   c - +0 helmet
rElec   .          Harm     .   (no cloak)
rCorr   .          Rampage  .   (no gloves)
Will    .....                   (no boots)
Stlth   +.........              f - amulet of guardian spirit
HPRegen 0.11/turn               C - ring of protection from cold
MPRegen 0.09/turn               (no ring)

@: no status effects
A: (nimble swimmer 2), mertail
a: Renounce Religion


You were on level 3 of the Dungeon.
You worshipped Xom.
You were a toy of Xom.
You visited 1 branch of the dungeon, and saw 3 of its levels.

You collected 161 gold pieces.


Innate Abilities, Weirdness & Mutations

((You are quick and stealthy near water. (Stealth+, EV+, Speed+++)))
Your lower body shifts to a powerful aquatic tail in water.


   Skills:
 - Level 2.1 Fighting
 + Level 6.0 Polearms
 - Level 2.0 Throwing
 + Level 5.4 Dodging


You had 3 spell levels left.
You didn't know any spells.
Your spell library was empty.

Inventory:

Hand Weapons
 a - a +0 trident (weapon)
Missiles
 d - 3 throwing nets (quivered) {=f}
Armour
 b - a +0 leather armour (worn)
 c - a +0 helmet (worn)
Jewellery
 f - an amulet of guardian spirit (around neck)
 C - a ring of protection from cold (left hand)
Potions
 e - a potion of degeneration {unknown}

Dungeon Overview and Level Annotations

Branches:
Dungeon (3/15)

Altars:
Vehumet
Xom

......#.####.......>....###......
........####..........#..........
##.#.#..##...........#####.......
#..................... ..........
...#.#.##.####.####### ###.....#
.###.#....# #†..#####...........
## #.##.######.........###.......
#.#..#......≈≈≈.#### #.......
#...######..≈@≈.# ##.....# #####
#..≈≈$.# ##...## #......# #####
#...#### #####


There were no monsters in sight!


Message History

Magic restored.
HP restored.
Unknown command.
Found a stone staircase leading down.
You now have 125 gold pieces (gained 16).
You now have 147 gold pieces (gained 22).
You now have 160 gold pieces (gained 13).
Found a hunting sling.
You see here a +0 hunting sling.
Found 2 gold pieces.
Found a faded altar of an unknown god.
A hobgoblin comes into view.
The hobgoblin shouts!
A hobgoblin is nearby!
You reach to attack!
You barely miss the hobgoblin. You puncture the hobgoblin!
You kill the hobgoblin!
No target in view!
No target in view!
Your legs become a tail as you enter the water.
You now have 161 gold pieces (gained 1).
There is a faded altar of an unknown god here.
Unknown command.
Press < or > to pray at altars.
You cannot tell which god this altar belongs to.
Convert to them anyway?
Okay, then.
You cannot tell which god this altar belongs to.
Convert to them anyway?
Xom accepts your prayer! Xom welcomes you!
Xom is very interested.
Are you sure you want to abandon this character and quit the game? (Confirm with "yes".)

Skill      XL: |  1  2  3  4 |
---------------+-------------+-----
Polearms       | 5 6 |  6.0
Dodging        | 5 |  5.4
Fighting       | |  2.1
Throwing       | |  2.0

Action                   |  1- 3 |  4- 6 || total
-------------------------+-------+-------++-------
Melee: Trident           |   105 |    32 ||   137
  Use: Scroll            |     3 |       ||     3
       Potion            |     1 |       ||     1
Armor: Leather armour    |    18 |     6 ||    24
Dodge: Dodged            |    75 |    14 ||    89

Levels and vault maps discovered:
D:1:      dpeg_arrival_shrine, layout_rooms, st_stairs_5, minivault_4,
          minmay_quantized
D:2:      layout_basic, basic_altar, minivault_26, minmay_tetromino_s2
D:3:      layout_rooms, hellmonk_ecumenical_altar_pennies_from_heaven,
          corexii_corridor_pit, minmay_misc_feat_secret_circle

Notes
Turn   | Place    | Note
-------+----------+-------------------------------------------
     0 | D:1      | demibob the Merfolk Gladiator began the quest for the Orb.
     0 | D:1      | Reached XP level 1. HP: 16/16 MP: 1/1
    61 | D:1      | Reached XP level 2. HP: 17/22 MP: 2/2
   155 | D:1      | Reached skill level 5 in Polearms
   464 | D:1      | Reached XP level 3. HP: 27/27 MP: 3/3
   899 | D:2      | Reached skill level 5 in Dodging
  1343 | D:2      | You fall into a shaft and drop 1 floor!
  1377 | D:3      | Reached XP level 4. HP: 29/33 MP: 4/4
  1471 | D:2      | Found a radiant altar of Vehumet.
  1823 | D:3      | Reached skill level 6 in Polearms
  2054 | D:3      | Found a faded altar of an unknown god.
  2064 | D:3      | Became a worshipper of Xom of Unknown Intention
  2065 | D:3      | Quit the game

Vanquished Creatures
  2 adders
  A worm (D:3)
  2 dart slugs
  7 ball pythons
  3 endoplasms
  2 giant cockroaches
  3 goblins
  7 hobgoblins
  2 quokkas (D:3)
  5 bats
  7 kobolds
  2 rats (D:1)
43 creatures vanquished.

Table legend: (Time is in decaauts)
 A = Elapsed time spent in this place.
 B = Non-inter-level travel time spent in this place.
 C = Inter-level travel time spent in this place.
 D = Time resting spent in this place.
 E = Time spent auto-exploring this place.
 F = Levels seen in this place.
 G = Mean time per level.
                   A        B        C        D        E       F      G
               +--------+--------+--------+--------+--------+-----+--------+
         Total |   2064 |   1982 |     82 |    486 |   1199 |   3 |  688.0 |
       Dungeon |   2064 |   1982 |     82 |    486 |   1199 |   3 |  688.0 |
               +--------+--------+--------+--------+--------+-----+--------+

Top non-repeatable levels by time:
     D:2: 926 daAuts
     D:1: 740 daAuts
     D:3: 397 daAuts

Table legend:
 A = Non-vault XP
 B = Vault XP
 C = Vault XP percentage of total XP
 D = Non-vault monster count
 E = Vault monster count
 F = Vault count percentage of total count
                 A         B        C        D         E       F
            +---------+---------+-------+---------+---------+-------
      Total |      93 |      10 |   9.7 |      36 |       7 |  16.3
            +---------+---------+-------+---------+---------+-------
        D:1 |      30 |       9 |  23.1 |      17 |       6 |  26.1
        D:2 |      28 |       1 |   3.4 |       8 |       1 |  11.1
        D:3 |      35 |       0 |   0.0 |      11 |       0 |   0.0
            +---------+---------+-------+---------+---------+-------
